| TOP OF THE 1ST |
|
Arkansas Travelers batting - Pitching for Corpus Christi Hooks : RHP Muckle Wildriver
|
|
Pitching: RHP Muckle Wildriver
|
|
|
Batting: RHB Jose Ramirez
|
0-0: Ball 1-0: Ball 2-0: Called Strike 2-1: Ball 3-1: Ground out 6-3 (Groundball, 6, EV 86.9 MPH)
|
|
Batting: RHB Juan Montez
|
0-0: Ball 1-0: Ball 2-0: Ball 3-0: Called Strike 3-1: DOUBLE (Flyball, 78XD, EV 105.6 MPH)
|
|
Batting: LHB Mark Reeg
|
0-0: Foul Ball, location: 2F 0-1: Foul Ball, location: 2F 0-2: Ball 1-2: Ball 2-2: Ball 3-2: 2-RUN HOME RUN (Flyball, 9LD, EV 93.1 MPH), Distance : 336 ft
|
|
Batting: LHB Griffin Ferris
|
0-0: Swinging Strike 0-1: Called Strike 0-2: Ball 1-2: Strikes out swinging
|
|
Batting: RHB Juan Martinez
|
0-0: Ball 1-0: Called Strike 1-1: Swinging Strike 1-2: Ball 2-2: Strikes out swinging
|
| Top of the 1st over - 2 runs, 2 hits, 0 errors, 0 left on base; Arkansas 2 - Corpus Christi 0 |
| BOTTOM OF THE 1ST |
|
Corpus Christi Hooks batting - Pitching for Arkansas Travelers : RHP Bartholomeu Voivodic
|
|
Pitching: RHP Bartholomeu Voivodic
|
|
|
Batting: RHB Ben Hoffman
|
0-0: Called Strike 0-1: Called Strike 0-2: Strikes out swinging
|
|
Batting: RHB Mark Cahill
|
0-0: Ground out 6-3 (Groundball, 6, EV 82.5 MPH)
|
|
Batting: LHB Josh Birkner
|
0-0: Ball 1-0: Ball 2-0: Ground out 4-3 (Groundball, 4, EV 91.2 MPH)
|
| Bottom of the 1st over - 0 runs, 0 hits, 0 errors, 0 left on base; Arkansas 2 - Corpus Christi 0 |
| TOP OF THE 2ND |
|
Arkansas Travelers batting - Pitching for Corpus Christi Hooks : RHP Muckle Wildriver
|
|
Batting: LHB Justin Balthazor
|
0-0: Foul Ball, location: 2F 0-1: Fly out, F7 (Flyball, 7D, EV 102.5 MPH)
|
|
Batting: RHB Timoleon Tsikouna
|
0-0: Ball 1-0: Ball 2-0: Swinging Strike 2-1: Ball 3-1: Base on Balls
|
|
Batting: RHB Kinya Nishimura
|
0-0: SINGLE (Groundball, 13, EV 82.5 MPH) (infield hit) Timoleon Tsikouna to second
|
|
Batting: LHB Larry Prey
|
0-0: Ball 1-0: Ball 2-0: Ball 3-0: Called Strike 3-1: Base on Balls Timoleon Tsikouna to third Kinya Nishimura to second
|
|
Batting: RHB Jose Ramirez
|
0-0: Ball 1-0: Ball 2-0: Called Strike 2-1: Grounds into fielders choice 1-2 (Groundball, 13, EV 71.2 MPH) Kinya Nishimura to third Larry Prey to second
|
|
Batting: RHB Juan Montez
|
0-0: DOUBLE (Line Drive, 89D, EV 113.8 MPH) Kinya Nishimura scores Larry Prey scores Jose Ramirez to third Runner from 3rd tries for Home, SAFE, throw by RF to home
|
|
Batting: LHB Mark Reeg
|
0-0: Called Strike 0-1: Called Strike 0-2: Foul Ball, location: 2F 0-2: DOUBLE (Flyball, 8LXD, EV 104.4 MPH) Juan Montez scores
|
|
Pitching: RHP Manny Bonilla
|
|
|
Batting: LHB Griffin Ferris
|
0-0: Fly out, F7 (Flyball, 7D, EV 90.6 MPH)
|
| Top of the 2nd over - 4 runs, 3 hits, 0 errors, 1 left on base; Arkansas 6 - Corpus Christi 0 |
| BOTTOM OF THE 2ND |
|
Corpus Christi Hooks batting - Pitching for Arkansas Travelers : RHP Bartholomeu Voivodic
|
|
Batting: RHB Bruce Bermudez
|
0-0: Ground out 6-3 (Groundball, 6, EV 86.9 MPH)
|
|
Batting: LHB Chris Cabrera
|
0-0: Swinging Strike 0-1: Swinging Strike 0-2: Ball 1-2: Ball 2-2: Ball 3-2: Strikes out looking
|
|
Batting: RHB Ramon Castellon
|
0-0: Ball 1-0: Called Strike 1-1: Swinging Strike 1-2: Fly out, F4 (Popup, 3S, EV 83.8 MPH)
|
| Bottom of the 2nd over - 0 runs, 0 hits, 0 errors, 0 left on base; Arkansas 6 - Corpus Christi 0 |
| TOP OF THE 3RD |
|
Arkansas Travelers batting - Pitching for Corpus Christi Hooks : RHP Manny Bonilla
|
|
Batting: RHB Juan Martinez
|
0-0: Called Strike 0-1: Ground out 6-3 (Groundball, 56, EV 81.9 MPH)
|
|
Batting: LHB Justin Balthazor
|
0-0: Ball 1-0: Ball 2-0: Ball 3-0: Called Strike 3-1: Called Strike 3-2: Fly out, F8 (Flyball, 8LXD, EV 97.5 MPH)
|
|
Batting: RHB Timoleon Tsikouna
|
0-0: Called Strike 0-1: Ball 1-1: Ball 2-1: Foul Ball, location: 2F 2-2: Foul Ball, location: 2F 2-2: Ball 3-2: Base on Balls
|
|
Batting: RHB Kinya Nishimura
|
0-0: Swinging Strike 0-1: Ball 1-1: Foul Ball, location: 2F 1-2: Strikes out swinging
|
| Top of the 3rd over - 0 runs, 0 hits, 0 errors, 1 left on base; Arkansas 6 - Corpus Christi 0 |
| BOTTOM OF THE 3RD |
|
Corpus Christi Hooks batting - Pitching for Arkansas Travelers : RHP Bartholomeu Voivodic
|
|
Batting: LHB John Wagner
|
0-0: Foul Ball, location: 2F 0-1: Foul Ball, location: 2F 0-2: Ball 1-2: Foul Ball, location: 2F 1-2: Foul Ball, location: 2F 1-2: DOUBLE (Line Drive, 89M, EV 108.8 MPH)
|
|
Batting: RHB Masaru Konno
|
0-0: Ball 1-0: Ball 2-0: Called Strike 2-1: Ball 3-1: Swinging Strike 3-2: Fly out, F9 (Flyball, 89S, EV 77.5 MPH)
|
|
Batting: SHB Danny Jensen
|
0-0: Ball John Wagner steals 3rd base 1-0: Ground out U3 (Groundball, 3S, EV 89.4 MPH)
|
|
Batting: RHB Ben Hoffman
|
0-0: Called Strike 0-1: Foul Ball, location: 2F 0-2: Strikes out looking
|
| Bottom of the 3rd over - 0 runs, 1 hit, 0 errors, 1 left on base; Arkansas 6 - Corpus Christi 0 |
| TOP OF THE 4TH |
|
Arkansas Travelers batting - Pitching for Corpus Christi Hooks : RHP Manny Bonilla
|
|
Batting: LHB Larry Prey
|
0-0: Ball 1-0: Called Strike 1-1: Ball 2-1: Foul Ball, location: 2F 2-2: SINGLE (Line Drive, 56D, EV 97.5 MPH)
|
|
Batting: RHB Jose Ramirez
|
0-0: Ball 1-0: Ball 2-0: Fly out, F7 (Flyball, 7, EV 99.4 MPH)
|
|
Batting: RHB Juan Montez
|
0-0: Called Strike 0-1: Grounds into double play, 4-6-3 (Groundball, 4, EV 93.8 MPH)
|
| Top of the 4th over - 0 runs, 1 hit, 0 errors, 0 left on base; Arkansas 6 - Corpus Christi 0 |
| BOTTOM OF THE 4TH |
|
Corpus Christi Hooks batting - Pitching for Arkansas Travelers : RHP Bartholomeu Voivodic
|
|
Batting: RHB Mark Cahill
|
0-0: Ball 1-0: Ground out 5-3 (Groundball, 56S, EV 72.5 MPH)
|
|
Batting: LHB Josh Birkner
|
0-0: Ball 1-0: Called Strike 1-1: SOLO HOME RUN (Flyball, 89XD, EV 101.2 MPH), Distance : 416 ft
|
|
Batting: RHB Bruce Bermudez
|
0-0: Called Strike 0-1: Called Strike 0-2: Ball 1-2: Ball 2-2: Ball 3-2: Base on Balls
|
|
Batting: LHB Chris Cabrera
|
0-0: Grounds into double play, 1-4-3 (Groundball, 15S, EV 58.1 MPH)
|
| Bottom of the 4th over - 1 run, 1 hit, 0 errors, 0 left on base; Arkansas 6 - Corpus Christi 1 |
| TOP OF THE 5TH |
|
Arkansas Travelers batting - Pitching for Corpus Christi Hooks : RHP Manny Bonilla
|
|
Batting: LHB Mark Reeg
|
0-0: Fly out, F9 (Flyball, 9S, EV 85.6 MPH)
|
|
Batting: LHB Griffin Ferris
|
0-0: Swinging Strike 0-1: Ball 1-1: Ball 2-1: Ball 3-1: Swinging Strike 3-2: Strikes out swinging
|
|
Batting: RHB Juan Martinez
|
0-0: Ball 1-0: Foul Ball, location: 2F 1-1: SINGLE (Line Drive, 78M, EV 110.6 MPH)
|
|
Batting: LHB Justin Balthazor
|
0-0: Ball Juan Martinez steals 2nd base 1-0: Ball 2-0: Called Strike 2-1: Ball Wild Pitch! Juan Martinez to third 3-1: SINGLE (Groundball, 5D, EV 104.4 MPH) Juan Martinez scores
|
|
Batting: RHB Timoleon Tsikouna
|
0-0: Swinging Strike 0-1: Ball 1-1: Ball 2-1: 2-RUN HOME RUN (Line Drive, 89XD, EV 102.5 MPH), Distance : 393 ft
|
|
Batting: RHB Kinya Nishimura
|
0-0: Ground out 6-3 (Groundball, 6, EV 85.0 MPH)
|
| Top of the 5th over - 3 runs, 3 hits, 0 errors, 0 left on base; Arkansas 9 - Corpus Christi 1 |
| BOTTOM OF THE 5TH |
|
Corpus Christi Hooks batting - Pitching for Arkansas Travelers : RHP Bartholomeu Voivodic
|
|
Batting: RHB Ramon Castellon
|
0-0: Ball 1-0: Ball 2-0: Foul Ball, location: 2F 2-1: Ball 3-1: Base on Balls
|
|
Batting: LHB John Wagner
|
0-0: Foul Ball, location: 2F 0-1: Reached on error, E3 (Groundball, 34S, EV 80.0 MPH) Ramon Castellon to second
|
|
Batting: RHB Masaru Konno
|
0-0: Called Strike 0-1: Ball 1-1: Swinging Strike 1-2: Strikes out swinging
|
|
Batting: SHB Danny Jensen
|
0-0: SINGLE (Line Drive, 4D, EV 104.4 MPH) Ramon Castellon to third John Wagner to second
|
|
Batting: RHB Ben Hoffman
|
0-0: Ball 1-0: Swinging Strike 1-1: Ball 2-1: Ball 3-1: Called Strike 3-2: Fielders Choice at 2nd, 6-4 (Groundball, 6, EV 85.6 MPH) Ramon Castellon scores John Wagner to third
|
|
Batting: RHB Mark Cahill
|
0-0: SINGLE (Groundball, 56D, EV 99.4 MPH) John Wagner scores Ben Hoffman to second
|
|
Batting: LHB Josh Birkner
|
0-0: Foul Ball, location: 2F 0-1: Swinging Strike 0-2: Foul Ball, location: 2F 0-2: Ball 1-2: Foul Ball, location: 2F 1-2: Foul Ball, location: 2F 1-2: Ball 2-2: Ball 3-2: Strikes out swinging
|
| Bottom of the 5th over - 2 runs, 2 hits, 1 error, 2 left on base; Arkansas 9 - Corpus Christi 3 |
| TOP OF THE 6TH |
|
Arkansas Travelers batting - Pitching for Corpus Christi Hooks : RHP Manny Bonilla
|
|
Pitching: LHP Blaine Whitmore
|
|
|
Batting: LHB Larry Prey
|
0-0: Ball 1-0: Ball 2-0: Ball 3-0: Called Strike 3-1: Called Strike 3-2: Base on Balls
|
|
Batting: RHB Jose Ramirez
|
Pickoff Throw to First - Out! 1-3 0-0: Ball 1-0: Ball 2-0: Foul Ball, location: 2F 2-1: SINGLE (Groundball, 25, EV 64.4 MPH) (infield hit)
|
|
Batting: RHB Juan Montez
|
0-0: Fly out, F7 (Flyball, 7D, EV 88.8 MPH)
|
|
Batting: LHB Mark Reeg
|
0-0: SINGLE (Groundball, 34D, EV 103.1 MPH) Jose Ramirez to second Runner from 2nd tries for 3rd, SAFE, throw by RF made to third
|
|
Now in RF: Mitchell Casey
|
|
|
Batting: LHB Griffin Ferris
|
0-0: Called Strike 0-1: Ball 1-1: Foul Ball, location: 2F 1-2: Ball 2-2: Strikes out swinging
|
| Top of the 6th over - 0 runs, 2 hits, 0 errors, 2 left on base; Arkansas 9 - Corpus Christi 3 |
| BOTTOM OF THE 6TH |
|
Corpus Christi Hooks batting - Pitching for Arkansas Travelers : RHP Bartholomeu Voivodic
|
|
Batting: LHB Mitchell Casey
|
0-0: Ball 1-0: Ball 2-0: Fly out, F6 (Popup, 15, EV 89.4 MPH)
|
|
Batting: LHB Chris Cabrera
|
0-0: Ball 1-0: Swinging Strike 1-1: Ball 2-1: Ball 3-1: Ground out 6-3 (Groundball, 6, EV 82.5 MPH)
|
|
Batting: RHB Ramon Castellon
|
0-0: Called Strike 0-1: Fly out, F8 (Line Drive, 8LD, EV 96.9 MPH)
|
| Bottom of the 6th over - 0 runs, 0 hits, 0 errors, 0 left on base; Arkansas 9 - Corpus Christi 3 |
| TOP OF THE 7TH |
|
Arkansas Travelers batting - Pitching for Corpus Christi Hooks : LHP Blaine Whitmore
|
|
Batting: RHB Juan Martinez
|
0-0: Ball 1-0: Ball 2-0: Ball 3-0: Called Strike 3-1: Ground out 1-3 (Groundball, 15S, EV 71.9 MPH)
|
|
Batting: LHB Justin Balthazor
|
0-0: Swinging Strike 0-1: Foul Ball, location: 2F 0-2: Ball 1-2: Ball 2-2: Foul Ball, location: 2F 2-2: Ball 3-2: Strikes out swinging
|
|
Batting: RHB Timoleon Tsikouna
|
0-0: Fly out, F8 (Flyball, 8RXD, EV 88.8 MPH)
|
| Top of the 7th over - 0 runs, 0 hits, 0 errors, 0 left on base; Arkansas 9 - Corpus Christi 3 |
| BOTTOM OF THE 7TH |
|
Corpus Christi Hooks batting - Pitching for Arkansas Travelers : RHP Bartholomeu Voivodic
|
|
Batting: LHB John Wagner
|
0-0: Foul Ball, location: 2F 0-1: Foul Ball, location: 2F 0-2: Strikes out looking
|
|
Batting: RHB Masaru Konno
|
0-0: Ball 1-0: Foul Ball, location: 2F 1-1: Ball 2-1: Called Strike 2-2: TRIPLE (Flyball, 9LD, EV 98.8 MPH)
|
|
Batting: SHB Danny Jensen
|
0-0: Called Strike 0-1: Ball 1-1: Called Strike 1-2: Foul Ball, location: 2F 1-2: Strikes out swinging
|
|
Pitching: RHP Jason Smallwood
|
|
|
Batting: RHB Ben Hoffman
|
0-0: Ball 1-0: Foul Ball, location: 2F 1-1: Called Strike 1-2: Ground out U3 (Groundball, 34, EV 86.2 MPH)
|
| Bottom of the 7th over - 0 runs, 1 hit, 0 errors, 1 left on base; Arkansas 9 - Corpus Christi 3 |
| TOP OF THE 8TH |
|
Arkansas Travelers batting - Pitching for Corpus Christi Hooks : LHP Blaine Whitmore
|
|
Batting: RHB Kinya Nishimura
|
0-0: Foul Ball, location: 2F 0-1: Ball 1-1: SINGLE (Line Drive, 3D, EV 98.8 MPH)
|
|
Batting: LHB Larry Prey
|
0-0: Fly out, F9 (Flyball, 9D, EV 98.8 MPH)
|
|
Pitching: RHP Elroy Meulenkamp
|
|
|
Batting: RHB Jose Ramirez
|
0-0: Called Strike 0-1: Ball 1-1: Ball 2-1: Ball 3-1: Foul Ball, location: 2F 3-2: SINGLE (Groundball, 56, EV 95.6 MPH) Kinya Nishimura to second
|
|
Batting: RHB Juan Montez
|
0-0: Ball 1-0: SINGLE (Groundball, 56D, EV 101.2 MPH) Kinya Nishimura to third Jose Ramirez to second
|
|
Batting: LHB Mark Reeg
|
0-0: Called Strike 0-1: Ball 1-1: Ball 2-1: Foul Ball, location: 2F 2-2: SINGLE (Groundball, 56D, EV 100.0 MPH) Kinya Nishimura scores Jose Ramirez to third Juan Montez to second Runner from 3rd tries for Home, SAFE, throw by LF to home
|
|
Batting: LHB Griffin Ferris
|
0-0: Foul Ball, location: 2F 0-1: Ball 1-1: Fly out, F7 (Flyball, 7, EV 96.9 MPH)
|
|
Batting: RHB Juan Martinez
|
0-0: Ball 1-0: Fly out, F8 (Flyball, 8LXD, EV 95.6 MPH)
|
| Top of the 8th over - 2 runs, 4 hits, 0 errors, 2 left on base; Arkansas 11 - Corpus Christi 3 |
| BOTTOM OF THE 8TH |
|
Corpus Christi Hooks batting - Pitching for Arkansas Travelers : RHP Jason Smallwood
|
|
Batting: RHB Mark Cahill
|
0-0: Swinging Strike 0-1: Fly out, F2 (Popup, 23F, EV 81.9 MPH)
|
|
Batting: LHB Josh Birkner
|
0-0: Ball 1-0: Ball 2-0: Foul Ball, location: 2F 2-1: Called Strike 2-2: Fly out, F8 (Flyball, 8LS, EV 85.6 MPH)
|
|
Batting: LHB Mitchell Casey
|
0-0: Ball 1-0: Ball 2-0: Ball 3-0: Called Strike 3-1: Base on Balls
|
|
Batting: LHB Chris Cabrera
|
0-0: Ball 1-0: Ball 2-0: Ball 3-0: Foul Ball, location: 2F 3-1: Base on Balls Mitchell Casey to second
|
|
Batting: RHB Ramon Castellon
|
0-0: Ball 1-0: Foul Ball, location: 2F 1-1: Called Strike 1-2: Ball 2-2: Ball 3-2: Base on Balls Mitchell Casey to third Chris Cabrera to second
|
|
Batting: LHB John Wagner
|
0-0: Called Strike 0-1: Fielders Choice at 2nd, 5-4 (Groundball, 56, EV 81.2 MPH)
|
| Bottom of the 8th over - 0 runs, 0 hits, 0 errors, 3 left on base; Arkansas 11 - Corpus Christi 3 |
| TOP OF THE 9TH |
|
Arkansas Travelers batting - Pitching for Corpus Christi Hooks : RHP Elroy Meulenkamp
|
|
Batting: LHB Justin Balthazor
|
0-0: Called Strike 0-1: Foul Ball, location: 2F 0-2: Ball 1-2: Foul Ball, location: 2F 1-2: Fly out, F9 (Flyball, 9, EV 90.0 MPH)
|
|
Batting: RHB Timoleon Tsikouna
|
0-0: Called Strike 0-1: Ball 1-1: Swinging Strike 1-2: Strikes out swinging
|
|
Batting: RHB Kinya Nishimura
|
0-0: Called Strike 0-1: Fly out, F9 (Flyball, 9S, EV 88.8 MPH)
|
| Top of the 9th over - 0 runs, 0 hits, 0 errors, 0 left on base; Arkansas 11 - Corpus Christi 3 |
| BOTTOM OF THE 9TH |
|
Corpus Christi Hooks batting - Pitching for Arkansas Travelers : RHP Jason Smallwood
|
|
Batting: RHB Masaru Konno
|
0-0: Called Strike 0-1: Ball 1-1: Ground out 4-3 (Groundball, 4, EV 80.6 MPH)
|
|
Batting: SHB Danny Jensen
|
0-0: Ball 1-0: Ball 2-0: Ball 3-0: Base on Balls
|
|
Batting: RHB Ben Hoffman
|
0-0: Foul Ball, location: 2F 0-1: Grounds into double play, 5-4-3 (Groundball, 56, EV 86.9 MPH)
|
| Bottom of the 9th over - 0 runs, 0 hits, 0 errors, 0 left on base; Arkansas 11 - Corpus Christi 3 |
|